 Dungeon Crawl Stone Soup version 0.28-a0-1504-g839a4452db (webtiles) character file.

Game seed: 18376008212304844538

77 Nattfarinn the Sneak (level 4, -6/27 HPs)
             Began as a Kobold Brigand on Jan 13, 2022.
             Mangled by an orc priest (7 damage)
             ... on level 3 of the Dungeon.
             The game lasted 00:03:17 (1891 turns).

Nattfarinn the Sneak (Kobold Brigand)               Turns: 1891, Time: 00:03:18

Health: -6/27      AC:  3    Str:  8    XL:     4   Next: 58%
Magic:  4/4        EV: 14    Int: 12    God:
Gold:   120        SH:  0    Dex: 18    Spells: 3/3 levels left

rFire   . . .      SeeInvis .   a - +2 dagger
rCold   . . .      Faith    .   (no shield)
rNeg    . . .      Spirit   .   b - +0 robe
rPois   .          Reflect  .   (no helmet)
rElec   .          Harm     .   c - +0 cloak
rCorr   .          Rampage  .   (no gloves)
Will    .....                   (no boots)
Stlth   ++++......              (no amulet)
HPRegen 0.09/turn               (no ring)
MPRegen 0.09/turn               (no ring)

@: no status effects
A: small, no large weapons, nightstalker 3
a: no special abilities


You were on level 3 of the Dungeon.
You visited 1 branch of the dungeon, and saw 3 of its levels.

You collected 120 gold pieces.

Inventory:

Hand Weapons
 a - a +2 dagger (weapon)
Missiles
 d - 14 poisoned darts (quivered)
 e - 2 curare-tipped darts
Armour
 b - a +0 robe (worn)
 c - a +0 cloak (worn)
 m - a scarf of repulsion
Scrolls
 h - 3 scrolls of identify {unknown}
 n - a scroll of amnesia {unknown}
 o - a scroll of blinking {unknown}
 p - a scroll of teleportation {unknown}
Potions
 f - 2 potions of resistance {unknown}
 g - a potion of mutation {unknown}
 i - a potion of ambrosia {unknown}
 k - 2 potions of curing {unknown}


   Skills:
 + Level 2.9 Fighting
 + Level 3.5 Short Blades
 + Level 2.9 Throwing
 - Level 1.2 Dodging
 * Level 6.4 Stealth


You had 3 spell levels left.
You didn't know any spells.
Your spell library contained the following spells:

 Spells                   Type           Power      Damage    Failure   Level
 Sting                    Tmut/Pois      0%         1d3       32%         1
 Poisonous Vapours        Pois/Air       0%         N/A       45%         2
 Olgreb's Toxic Radiance  Pois           0%         N/A       97%         4


Dungeon Overview and Level Annotations

Branches:
Dungeon (3/15)

Altars:


Innate Abilities, Weirdness & Mutations

You are small and have problems with some larger weapons.
You are completely attuned to the shadows.


Message History

You hit the orc.
The orc is moderately wounded.
The orc priest misses you. The orc hits you with a +0 short sword.
The orc hits you with a +0 club.
You barely miss the orc priest.
The orc priest is lightly wounded.
The orc barely misses you. x2
You closely miss the orc priest.
The orc priest is lightly wounded.
The orc barely misses you.
The orc hits you with a +1 hand axe of electrocution.
The orc priest barely misses you. The orc hits you but does no damage.
The orc hits you with a +0 club.
You hit the orc priest but do no damage.
The orc priest is lightly wounded.
The orc hits you but does no damage.
The orc hits you with a +1 hand axe of electrocution.
The orc priest hits you with a +0 whip! The orc hits you with a +0 short sword.
The orc barely misses you.
You hit the orc priest.
The orc priest is moderately wounded.
The orc hits you but does no damage. The orc priest barely misses you.
The orc hits you with a +0 short sword. x2
* * * LOW HITPOINT WARNING * * *
As you read the scroll labelled JIPHAT HA XUOF, it crumbles to dust.
You hear a loud clanging noise!
It was a scroll of noise.
You hear a shout! x2
The orc closely misses you. The orc barely misses you. x2
The orc priest hits you with a +0 whip.
* * * LOW HITPOINT WARNING * * *
The orc barely misses you.
As you read the scroll labelled VAIMO RAMO OCO, it crumbles to dust.
You speak a Word of immense power!
It was a scroll of holy word.
The orc hits you with a +0 club.
* * * LOW HITPOINT WARNING * * *
The orc hits you with a +1 hand axe of electrocution.
* * * LOW HITPOINT WARNING * * *
The orc barely misses you. The orc priest hits you with a +0 whip!
You die...

#...#####..
#...##.....
#...##.#...
.....#......#...
####..>..##+#.......
#...................
#...................
#.ooo...........#.#<
#.o@o..##'###.###.#.
#......##.....#.....
#......#############
#......###
#........# #
########.# ### #.#
###.. #.# ###....
#.# ###......


You could see an orc priest and 4 orcs.

Vanquished Creatures
  3 adders (D:3)
  A worm (D:2)
  2 dart slugs (D:2)
  2 ball pythons (D:1)
  3 endoplasms
  A giant cockroach (D:3)
  4 goblins
  7 hobgoblins
  4 kobolds
  A quokka (D:2)
  7 bats
  3 frilled lizards
  4 rats
42 creatures vanquished.

Notes
Turn   | Place    | Note
-------+----------+-------------------------------------------
     0 | D:1      | Nattfarinn the Kobold Brigand began the quest for the Orb.
     0 | D:1      | Reached XP level 1. HP: 12/12 MP: 1/1
   284 | D:1      | Reached XP level 2. HP: 18/18 MP: 2/2
   661 | D:2      | Reached XP level 3. HP: 22/22 MP: 3/3
   661 | D:2      | Found a faded altar of an unknown god.
   913 | D:2      | Reached skill level 6 in Stealth
  1482 | D:3      | Reached XP level 4. HP: 27/27 MP: 4/4
  1891 | D:3      | HP: 1/27 [orc (1)]
  1891 | D:3      | Mangled by an orc priest

Illustrated notes

Levels and vault maps discovered:
D:1:      wander_arrival_lonely_grave, layout_rooms, glass_columns_a
D:2:      layout_basic, ebering_ecumenical_altar_ruins, minivault_24
D:3:      minmay_razor_zed, layout_basic, serial_bayou_ford_a,
          serial_bayou_crossing

Skill      XL: |  1  2  3 |
---------------+----------+-----
Short Blades   | 3 |  3.5
Stealth        | 6 |  6.4
Fighting       | |  2.9
Throwing       | |  2.9
Dodging        | |  1.2

Action                   |  1- 3 |  4- 6 || total
-------------------------+-------+-------++-------
Melee: Dagger            |    50 |    32 ||    82
       Punch             |     1 |     1 ||     2
  Use: Scroll            |       |     2 ||     2
 Stab: Sleeping          |    21 |     5 ||    26
Armor: Robe              |     7 |    13 ||    20
Dodge: Dodged            |    17 |    37 ||    54

Table legend: (Time is in decaauts)
 A = Elapsed time spent in this place.
 B = Non-inter-level travel time spent in this place.
 C = Inter-level travel time spent in this place.
 D = Time resting spent in this place.
 E = Time spent auto-exploring this place.
 F = Levels seen in this place.
 G = Mean time per level.
                   A        B        C        D        E       F      G
               +--------+--------+--------+--------+--------+-----+--------+
         Total |   1889 |   1840 |     49 |      0 |   1551 |   3 |  629.7 |
       Dungeon |   1889 |   1840 |     49 |      0 |   1551 |   3 |  629.7 |
               +--------+--------+--------+--------+--------+-----+--------+

Top non-repeatable levels by time:
     D:2: 715 daAuts
     D:3: 625 daAuts
     D:1: 548 daAuts
